 Dungeon Crawl Stone Soup version 0.26-a0-651-gb41185065b (webtiles) character file.

Game seed: 2042641091821758582

2938 Ozzies the Fighter (level 9, -3/97 HPs)
             Began as a Troll Monk on Oct 3, 2020.
             Was a Follower of Ru.
             Slain by a manticore (4 damage)
             ... on level 7 of the Dungeon.
             The game lasted 00:09:44 (4987 turns).

Ozzies the Fighter (Troll Monk)                     Turns: 4987, Time: 00:09:45

Health: -3/97      AC:  6    Str: 24    XL:     9   Next: 51%
Magic:  8/8        EV: 11    Int:  6    God:    Ru [*.....]
Gold:   265        SH:  0    Dex: 12    Spells: 8/8 levels left

rFire    . . .     SeeInvis +     - Unarmed
rCold    . . .     Faith    .   (no shield)
rNeg     . . .     Spirit   .   a - +0 robe
rPois    .         Reflect  .   (helmet restricted)
rElec    .         Harm     .   (no cloak)
rCorr    .         Rampage  .   (gloves unavailable)
MR       .....                  (boots unavailable)
Stlth    ++........             (no amulet)
HPRegen  0.66/turn              s - ring of see invisible
MPRegen  0.11/turn              (no ring)

@: no status effects
A: large, unfitting armour, claws 3, regeneration 1, shaggy fur 1, tough skin 3,
hated by all
a: Renounce Religion


You were on level 7 of the Dungeon.
You worshipped Ru.
Ru was aware of your devotion.
You visited 2 branches of the dungeon, and saw 8 of its levels.

You collected 265 gold pieces.

Inventory:

Missiles
 c - 22 poisoned darts (quivered)
Armour
 a - a +0 robe (worn)
Jewellery
 s - a ring of see invisible (left claw)
Wands
 j - a wand of polymorph (18)
Scrolls
 b - 4 scrolls of identify
 d - 4 scrolls of amnesia
 e - 8 scrolls of teleportation
 i - 4 scrolls of fog
 l - 2 scrolls of fear {unknown}
 m - a scroll of blinking {unknown}
 o - 3 scrolls of remove curse
 t - a scroll of vulnerability {unknown}
Potions
 f - 2 potions of heal wounds {unknown}
 g - a potion of haste {unknown}
 h - 3 potions of lignification
 k - 2 potions of might {unknown}
 n - 2 potions of stabbing {unknown}
 p - a potion of curing {unknown}
 q - 3 potions of flight {unknown}
 r - a potion of magic {unknown}


   Skills:
 * Level 8.3 Fighting
 + Level 3.1 Throwing
 + Level 2.8 Armour
 + Level 4.2 Dodging
 - Level 1.3 Stealth
 * Level 6.9 Unarmed Combat


You had 8 spell levels left.
You didn't know any spells.
Your spell library contained the following spells:

 Spells                   Type           Power        Failure   Level
 Apportation              Tloc           #.....       45%         1
 Corona                   Hex            #......      45%         1
 Animate Skeleton         Necr           Unusable     N/A         1
 Summon Small Mammal      Summ           Unusable     N/A         1

Dungeon Overview and Level Annotations

Branches:
Dungeon (7/15)             Temple (1/1) D:7

Altars:
Ashenzari
Dithmenos
Elyvilon
Fedhas
Kikubaaqudgha
Makhleb
Nemelex Xobeh
Ru
Sif Muna
Trog
Uskayaw
Vehumet
Yredelemnul
Zin
The Shining One
Lugonu


Innate Abilities, Weirdness & Mutations

You are too large for most types of armour.
You have claws for hands.
Your natural rate of healing is unusually fast.
You are covered in fur. (AC +1)
You have extremely tough skin. (AC +3)
You are hated by all.


Message History

You are too injured to fight recklessly!
You are too injured to fight recklessly!
You are too injured to fight recklessly!
You are too injured to fight recklessly!
You mangle the manticore!!
The manticore is moderately wounded.
You hear a shout!
The manticore bites you!!
* * * LOW HITPOINT WARNING * * *
The manticore claws you!
* * * LOW HITPOINT WARNING * * *
The manticore claws you but does no damage.
You mangle the manticore!!
The manticore is almost dead.
The manticore bites you.
* * * LOW HITPOINT WARNING * * *
The manticore claws you!
* * * LOW HITPOINT WARNING * * *
The manticore claws you.
You die...

.# #.#.##..#.^##.#.#.#.#.#.#.#
.### #.##..##.##..####.#.#.#.###
...####..##.##.##.## #)#.#.#(##.
.....###..##..#..## ###.#.###..
##.#.####..###.### ######...
##.#......##..#..# ##..
.........####...### ##.
###.....## ##†##.# # ## ###..##.#
#.#@##.# # ......#.# #.#H##h.# #
#.###.#.# ..###.SF# # ..#
#)#.#..## #.##..# # #.###†#.#.
#o# .# # #.....#.# #. ### ##
#######..## . ##.## ##.
########..##.. ##...## ##..
...........#######..#..#######..#


You could see a manticore.

Vanquished Creatures
  Eustachio (D:4)
  2 orc warriors (D:7)
  2 ice beasts
  A sky beast (D:7)
  A phantom (D:4)
  4 ogres
  3 centaurs
  9 bullfrogs
  A scorpion (D:4)
  A centaur zombie (D:6)
  2 hounds
  A bullfrog skeleton (D:7)
  8 orc priests
  A centaur skeleton (D:7)
  3 iguanas
  2 jellies
  5 orc wizards
  6 worker ants
  A worker ant zombie (D:7)
  4 gnolls (D:7)
  10 adders
  2 white imps
  An ooze (D:1)
  An adder skeleton (D:7)
  2 worms (D:2)
  2 dart slugs (D:1)
  5 leopard geckos
  18 orcs
  2 giant cockroaches
  7 hobgoblins
  16 jackals
  3 kobolds
  A quokka (D:7)
  2 ball pythons (D:4)
  4 bats
  6 frilled lizards
  8 goblins
  5 rats
153 creatures vanquished.

Notes
Turn   | Place    | Note
-------+----------+-------------------------------------------
     0 | D:1      | Ozzies the Troll Monk began the quest for the Orb.
     0 | D:1      | Reached XP level 1. HP: 22/22 MP: 0/0
    43 | D:1      | Reached XP level 2. HP: 29/29 MP: 1/1
   378 | D:1      | You fall into a shaft and drop 1 floor!
   382 | D:2      | Reached XP level 3. HP: 36/36 MP: 2/2
   496 | D:2      | Noticed an ogre
   504 | D:2      | Killed an ogre
   504 | D:2      | Reached skill level 3 in Fighting
   504 | D:2      | Reached XP level 4. HP: 32/45 MP: 3/3
   610 | D:2      | Found a glowing silver altar of Zin.
   610 | D:2      | Found a shimmering blue altar of Sif Muna.
   611 | D:2      | Found a radiant altar of Vehumet.
   830 | D:2      | Reached XP level 5. HP: 53/53 MP: 4/4
  1423 | D:3      | You fall into a shaft and drop 2 floors!
  1423 | D:5      | Entered Level 5 of the Dungeon
  1463 | D:4      | Reached skill level 4 in Fighting
  1503 | D:4      | Reached XP level 6. HP: 44/63 MP: 5/5
  1571 | D:4      | Reached skill level 5 in Fighting
  1604 | D:4      | Reached XP level 7. HP: 68/74 MP: 6/6
  1614 | D:4      | Reached skill level 6 in Fighting
  1835 | D:4      | Noticed Eustachio
  1854 | D:4      | Killed Eustachio
  1854 | D:4      | Reached skill level 7 in Fighting
  2344 | D:5      | Reached XP level 8. HP: 82/87 MP: 7/7
  2387 | D:5      | Reached skill level 1 in Throwing
  2447 | D:5      | Found a broken altar of Ashenzari.
  2455 | D:5      | Noticed a +0 dagger
  2455 | D:5      | Noticed a +0 hand axe
  2464 | D:5      | Found a hide-covered altar of Uskayaw.
  2583 | D:5      | Reached skill level 1 in Armour
  2706 | D:5      | Reached skill level 5 in Unarmed Combat
  2985 | D:6      | Found a blossoming altar of Fedhas.
  3435 | D:6      | Found a shadowy altar of Dithmenos.
  3709 | D:6      | Reached XP level 9. HP: 84/96 MP: 8/8
  3738 | D:6      | Found a burning altar of Makhleb.
  4096 | D:7      | Found a white marble altar of Elyvilon.
  4337 | D:7      | Reached skill level 8 in Fighting
  4563 | D:7      | Found a staircase to the Ecumenical Temple.
  4656 | Temple   | Entered the Ecumenical Temple
  4695 | Temple   | Became a worshipper of Ru the Awakened
  4698 | Temple   | Gained mutation: You are hated by all. [Ru sacrifice]
  4698 | Temple   | Reached * piety under Ru
  4984 | D:7      | Noticed a manticore
  4987 | D:7      | HP: 1/97 [manticore (9)]
  4987 | D:7      | Slain by a manticore

Illustrated notes

Levels and vault maps discovered:
D:1:      roderic_crossed_star, layout_rooms
D:2:      kennysheep_big_flooded_room, layout_loops_corners,
          gammafunk_temple_overflow_forgotten
D:3:      layout_rooms, grunt_qazlal_sundering, minitemple,
          minmay_randomly_rotated_circles
D:4:      layout_loops_ring, uniq_eustachio
D:5:      layout_rooms, nicolae_overflow_hidden_temple, dancing_weapons_uskayaw,
          overflow_temple_1_default, serial_glass, glass_columns_c,
          glass_columns_a, kennysheep_dice
D:6:      layout_loops_ring, overflow_temple_1_default,
          lemuel_coloured_pillars_altar, grunt_dithmenos_smoke,
          kennysheep_cluttered_room, chequers_serial_rivers_micro_c
D:7:      minmay_the_grid_octo_2x2 [minmay_the_grid_octo_teeth,
          minmay_the_grid_octo_checkerflower, minmay_the_grid_octo_clover_2,
          minmay_the_grid_octo_prize_star], layout_loops_cross,
          kennysheep_mini_moat, temple_green, basic_altar
Temple:   corrupted_temple

Skill      XL: |  1  2  3  4  5  6  7  8  9 |
---------------+----------------------------+-----
Fighting       | 3 4 5 7 8 |  8.3
Unarmed Combat | 4 6 |  6.9
Dodging        | 3 4 |  4.2
Throwing       | 2 3 |  3.1
Armour         | 2 |  2.8
Stealth        | |  1.3

Action                   |  1- 3 |  4- 6 |  7- 9 || total
-------------------------+-------+-------+-------++-------
Melee: Unarmed           |    54 |   121 |   301 ||   476
       Punch             |       |       |     5 ||     5
Invok: Sacrifice Love    |       |       |     1 ||     1
  Use: Scroll            |       |       |     6 ||     6
 Stab: Sleeping          |     3 |     2 |     6 ||    11
Armor: Robe              |    20 |    33 |    77 ||   130
Dodge: Dodged            |    17 |    52 |   144 ||   213

Table legend: (Time is in decaauts)
 A = Elapsed time spent in this place.
 B = Non-inter-level travel time spent in this place.
 C = Inter-level travel time spent in this place.
 D = Time resting spent in this place.
 E = Time spent auto-exploring this place.
 F = Levels seen in this place.
 G = Mean time per level.
                   A        B        C        D        E       F      G
               +--------+--------+--------+--------+--------+-----+--------+
         Total |   4944 |   4662 |    282 |      3 |   3772 |   8 |  618.0 |
       Dungeon |   4887 |   4620 |    267 |      3 |   3742 |   7 |  698.1 |
        Temple |     56 |     42 |     14 |      0 |     30 |   1 |   56.0 |
               +--------+--------+--------+--------+--------+-----+--------+

Top non-repeatable levels by time:
     D:6: 1071 daAuts
     D:2: 961 daAuts
     D:4: 892 daAuts
     D:7: 884 daAuts
     D:5: 622 daAuts
     D:1: 438 daAuts
  Temple: 56 daAuts
     D:3: 16 daAuts
